Map: [ESL] Site Delta

Players

Cham - Winner!

  • Race: Zerg Zerg
  • Spawn Location: 5:00

DisK

  • Race: Protoss Protoss
  • Spawn Location: 11:00

Event: ESL SC2 Masters 2023 Winter (Regional)

VOD

Have the link to the VOD?

Description

Time

  • Played on: Nov. 11, 2023, 12:28 p.m.
  • Length: 8:56

All games in this series

Show
View Real Time Build Order
Export as new Build Order

Cham Zerg - Winner!

Build Orders: Hatch First 

Get SALT Encoding   

  12  0:00  Drone  
  13  0:12  Overlord  
  13  0:17  Drone  
  14  0:31  Drone x2  
  16  0:48  Hatchery  
  15  0:50  Drone  
  15  0:54  Drone  
  17  0:58  Drone  
  18  1:10  Spawning Pool  
  17  1:13  Extractor  
  17  1:15  Drone  
  17  1:20  Drone  
  18  1:29  Drone  
  20  1:40  Drone  
  20  1:50  Drone  
  21  1:59  Queen  
  21  2:00  Queen  
  21  2:01  Drone, Overlord  
  26  2:10  Drone  
  26  2:11  Drone  
  26  2:15  Metabolic Boost  
  28  2:23  Drone x2  
  30  2:32  Hatchery  
  30  2:35  Zergling x2  
  30  2:37  Zergling x2  
  31  2:45  Queen  
  31  2:48  Overlord  
  31  2:50  Drone  
  34  2:57  Queen  
  36  3:09  Drone x2  
  36  3:10  Drone x3  
  36  3:12  Drone x2  
  43  3:15  Overlord  
  43  3:20  Overlord  
  43  3:33  Queen  
  45  3:36  Drone  
  45  3:37  Evolution Chamber  
  45  3:38  Drone x2  
  45  3:41  Overlord  
  47  3:42  Drone  
  47  3:43  Drone  
  47  3:44  Zergling x4  
  47  3:47  Zergling x2  
  52  3:50  Drone  
  53  3:59  Drone x4  
  53  4:00  Drone, Spore Crawler  
  57  4:04  Spore Crawler  
  57  4:05  Zerg Melee Weapons Level 1  
  56  4:10  Drone  
  56  4:11  Drone  
  56  4:14  Drone x2  
  56  4:15  Spore Crawler  
  56  4:17  Drone  
  59  4:20  Overlord  
  59  4:24  Overlord  
  59  4:25  Drone  
  59  4:27  Extractor  
  59  4:28  Drone x2  
  61  4:33  Drone x4  
  61  4:36  Overlord  
  64  4:43  Drone x2  
  64  4:44  Overlord  
  66  4:49  Baneling Nest  
  66  4:50  Drone x3  
  68  4:53  Drone x2  
  68  4:55  Lair  
  68  4:57  Drone  
  68  4:58  Drone  
  72  5:01  Overlord  
  69  5:16  Hatchery  
  69  5:18  Overlord  
  69  5:20  Zergling x4, Hatchery  
  69  5:21  Zergling x2  
  69  5:24  Overlord  
  70  5:29  Drone x2  
  70  5:31  Roach Warren  
  70  5:32  Zergling x4  
  70  5:35  Zergling x4  
  75  5:39  Overlord  
  75  5:40  Zergling x2, Overlord  
  76  5:45  Overlord  
  76  5:48  Zergling x8  
  80  5:56  Baneling x4  
  80  5:58  Zergling x14  
  80  5:59  Zergling x2  
  88  6:06  Overlord  
  88  6:08  Zergling x4  
  88  6:10  Zerg Melee Weapons Level 2  
  88  6:11  Glial Reconstitution, Centrifugal Hooks  
  86  6:32  Baneling x4  
  84  6:33  Drone x7  
  84  6:34  Drone x5  
  84  6:37  Drone  
  96  6:40  Extractor  
  96  6:41  Extractor  
  96  6:46  Overlord  
  94  6:50  Roach x5  
  102  6:56  Roach  
  102  6:57  Zergling x6  
  102  7:00  Zergling x4, Roach  
  102  7:01  Zergling x2  
  101  7:03  Roach  
  101  7:04  Zergling x2, Overlord  
  104  7:09  Zergling x24  
  104  7:14  Zergling x2  
  117  7:17  Roach  
  117  7:18  Zergling x2  
  117  7:20  Zergling x6  
  117  7:21  Zergling x4  
  125  7:22  Ravager  
  125  7:24  Ravager  
  125  7:25  Zergling x2  
  128  7:31  Zergling x8  
  128  7:38  Zergling x2, Roach x4  
  128  7:40  Zergling x6, Roach x3  
  128  7:41  Zergling x2  
  134  7:47  Roach x2  
  134  7:48  Roach  
  132  7:51  Zergling x2  
  132  7:52  Zergling x8  
  132  7:58  Zergling x6  
  139  8:00  Zergling x4  
  139  8:03  Zergling x4, Roach  
  139  8:04  Zergling x2, Roach x2  
  145  8:08  Roach x2  
  145  8:09  Zergling x2, Roach  
  150  8:14  Zergling x2, Roach x3  
  150  8:16  Baneling x3  
  150  8:18  Baneling  
  150  8:19  Zergling x6  
  160  8:20  Zergling x2  
  160  8:25  Drone x4  
  165  8:29  Baneling x2  
  158  8:35  Zergling x2  
  158  8:36  Zergling x16  
Show
View Real Time Build Order
Export as new Build Order

DisK Protoss 

Build Orders: 1 Gate Expand, Oracle Opening 

Get SALT Encoding   

  12  0:00  Probe  
  13  0:12  Probe  
  14  0:19  Pylon  
  14  0:24  Probe  
  15  0:37  Probe (Chrono Boost)  
  15  0:39  Gateway  
  16  0:47  Assimilator, Probe (Chrono Boost)  
  17  0:52  Probe (Chrono Boost)  
  18  1:03  Probe  
  19  1:16  Probe  
  20  1:24  Nexus  
  20  1:32  Cybernetics Core  
  20  1:36  Probe  
  21  1:41  Assimilator  
  21  1:48  Probe  
  21  1:52  Pylon  
  22  2:00  Probe (Chrono Boost)  
  23  2:07  Adept (Chrono Boost)  
  23  2:12  Probe (Chrono Boost)  
  26  2:16  Stargate  
  26  2:18  Probe  
  27  2:24  Warp Gate  
  27  2:31  Probe (Chrono Boost)  
  27  2:33  Stalker  
  27  2:35  Probe (Chrono Boost)  
  32  2:47  Probe (Chrono Boost)  
  32  2:48  Probe (Chrono Boost)  
  33  2:51  Probe (Chrono Boost)  
  33  2:54  Probe  
  35  3:00  Oracle (Chrono Boost)  
  35  3:04  Probe  
  39  3:08  Pylon  
  39  3:12  Gateway  
  39  3:14  Probe  
  39  3:18  Probe  
  41  3:26  Probe  
  42  3:30  Probe  
  42  3:32  Oracle  
  46  3:39  Nexus  
  46  3:44  Probe (Chrono Boost)  
  47  3:48  Pylon  
  47  3:50  Probe (Chrono Boost)  
  48  3:55  Assimilator  
  48  3:59  Assimilator  
  48  4:02  Probe x2 (Chrono Boost)  
  50  4:07  Probe (Chrono Boost)  
  50  4:09  Twilight Council, Probe (Chrono Boost)  
  52  4:12  Forge  
  52  4:16  Probe  
  53  4:19  Adept  
  53  4:21  Probe  
  56  4:27  Pylon  
  56  4:29  Probe  
  57  4:31  Protoss Ground Weapons Level 1 (Chrono Boost)  
  57  4:33  Probe  
  57  4:35  Blink (Chrono Boost)  
  57  4:36  Gateway  
  58  4:39  Gateway  
  58  4:41  Probe (Chrono Boost)  
  60  4:47  Probe (Chrono Boost)  
  60  4:51  Shield Battery, Probe (Chrono Boost)  
  61  4:58  Stalker  
  61  4:59  Stalker, Probe (Chrono Boost)  
  66  5:02  Probe (Chrono Boost)  
  66  5:04  Probe (Chrono Boost)  
  66  5:05  Probe (Chrono Boost)  
  69  5:13  Pylon, Probe  
  71  5:14  Probe  
  71  5:16  Robotics Facility  
  71  5:19  Probe  
  72  5:22  Pylon  
  72  5:25  Probe  
  72  5:26  Assimilator, Probe  
  72  5:27  Pylon  
  74  5:31  Assimilator  
  74  5:35  Gateway  
  74  5:36  Gateway  
  74  5:39  Gateway  
  74  5:41  Gateway  
  75  5:42  Probe  
  75  5:43  Probe  
  75  5:47  Sentry x2  
  75  5:49  Sentry x2  
  84  5:51  Probe  
  84  5:55  Probe  
  86  6:00  Probe  
  86  6:03  Probe  
  88  6:07  Shield Battery, Probe  
  88  6:09  Warp Prism (Chrono Boost)  
  88  6:10  Stalker x2  
  92  6:12  Probe  
  95  6:27  Stalker  
  95  6:28  Stalker  
  97  6:33  Probe x2  
  97  6:34  Stalker x4  
  97  6:37  Pylon  
  107  6:42  Pylon  
  107  6:48  Stalker  
  109  6:58  Stalker x5  
  111  7:05  Probe x3  
  111  7:07  Photon Cannon  
  114  7:10  Stalker x2  
  118  7:22  Stalker x3  
  124  7:31  Pylon x2  
  108  7:44  Stalker x5  
  100  7:54  Stalker x3  
  104  8:09  Probe  
  105  8:13  Robotics Bay  
  105  8:15  Robotics Facility  
  105  8:19  Stalker x6  
  117  8:21  Nexus, Probe  
  117  8:22  Probe  
  118  8:33  Stalker x2  
  102  8:45  Stalker  
  102  8:46  Stalker x5  
Tags
 
Add a new tag
Caveats
  • Supply blocks, unpowered buildings, or Contaminate may cause inaccurate times.
  • Supply counts are checked every 10 seconds.